MLB
KANSAS CITY ROYALS @ MILWAUKEE BREWERS
04/07/2044
 
TOP OF THE 1ST
Kansas City Royals batting - Pitching for Milwaukee Brewers : RHP Elliott Payne
Pitching: RHP Elliott Payne
Batting: RHB Aaron Matthews 0-0: Called Strike
0-1: Foul Ball, location: 2F
0-2: Ball
1-2: Ball
2-2: Ball
3-2: Foul Ball, location: 2F
3-2: Base on Balls
Batting: RHB Imbart Faber 0-0: Called Strike
Aaron Matthews steals 2nd base (no throw)
0-1: Swinging Strike
0-2: Ball
1-2: Strikes out swinging
Batting: LHB Mike Meyerhoff 0-0: Called Strike
0-1: Called Strike
0-2: Strikes out swinging
Batting: SHB Tony Prado 0-0: Ball
1-0: Fly out, F4 (Flyball, 4D, EV 76.2 MPH)
Top of the 1st over - 0 runs, 0 hits, 0 errors, 1 left on base; Kansas City 0 - Milwaukee 0
BOTTOM OF THE 1ST
Milwaukee Brewers batting - Pitching for Kansas City Royals : RHP Tom Jensen
Pitching: RHP Tom Jensen
Batting: RHB Daniel Donovan 0-0: Ball
1-0: SINGLE (Groundball, 25, EV 61.2 MPH) (infield hit)
Batting: RHB Akitada Nishizawa 0-0: Called Strike
0-1: Foul Ball, location: 2F
0-2: Ball
1-2: Foul Ball, location: 2F
1-2: Ball
2-2: Ball
3-2: Ground out 5-3 (Groundball, 56S, EV 88.1 MPH)
Daniel Donovan to second
Batting: SHB Jason Woods 0-0: Ball
1-0: Ball
Daniel Donovan steals 3rd base
2-0: Swinging Strike
2-1: Ball
3-1: Fly out, F9 (Line Drive, 9, EV 95.6 MPH)
Batting: LHB Cooper Broomhall 0-0: Called Strike
0-1: Ball
1-1: Fly out, F7 (Flyball, 7, EV 75.6 MPH)
Bottom of the 1st over - 0 runs, 1 hit, 0 errors, 1 left on base; Kansas City 0 - Milwaukee 0
TOP OF THE 2ND
Kansas City Royals batting - Pitching for Milwaukee Brewers : RHP Elliott Payne
Batting: SHB Gareth Busby 0-0: Called Strike
0-1: Called Strike
0-2: Ground out 5-3 (Groundball, 56, EV 86.2 MPH)
Batting: RHB Adriaan Pieters 0-0: Fly out, F7 (Flyball, 78S, EV 91.2 MPH)
Batting: LHB Manny Estrada 0-0: Ball
1-0: DOUBLE (Line Drive, 5D, EV 105.0 MPH)
Batting: RHB Jordan Diaz 0-0: Swinging Strike
0-1: Ball
1-1: Ball
2-1: Foul Ball, location: 2F
2-2: Foul Ball, location: 2F
2-2: Strikes out swinging
Top of the 2nd over - 0 runs, 1 hit, 0 errors, 1 left on base; Kansas City 0 - Milwaukee 0
BOTTOM OF THE 2ND
Milwaukee Brewers batting - Pitching for Kansas City Royals : RHP Tom Jensen
Batting: LHB Tetsuya Oba 0-0: Called Strike
0-1: Swinging Strike
0-2: Ball
1-2: Ground out 5-3 (Groundball, 56S, EV 92.5 MPH)
Batting: SHB Jean-François Bernard 0-0: Swinging Strike
0-1: Foul Ball, location: 2F
0-2: Reached on error, E1 (Groundball, 13S, EV 71.2 MPH)
Batting: RHB Cody Flowers 0-0: Ball
Jean-François Bernard is caught stealing 2nd base 2-4
1-0: Called Strike
1-1: Ball
2-1: Swinging Strike
2-2: SINGLE (Line Drive, 34D, EV 96.9 MPH)
Batting: RHB Kisho Ito 0-0: Ball
1-0: Foul Ball, location: 2F
1-1: Called Strike
1-2: Ground out 6-3 (Groundball, 4M, EV 101.9 MPH)
Bottom of the 2nd over - 0 runs, 1 hit, 1 error, 1 left on base; Kansas City 0 - Milwaukee 0
TOP OF THE 3RD
Kansas City Royals batting - Pitching for Milwaukee Brewers : RHP Elliott Payne
Batting: RHB Bob Najar 0-0: Ball
1-0: Foul Ball, location: 2F
1-1: Reached on error, E6 (Groundball, 6, EV 84.4 MPH)
Batting: RHB Aaron Matthews 0-0: Called Strike
0-1: Swinging Strike
0-2: Fly out, F8 (Flyball, 8RD, EV 90.0 MPH)
Batting: RHB Imbart Faber 0-0: Foul Ball, location: 2F
0-1: SINGLE (Groundball, 4MD, EV 95.6 MPH)
Bob Najar to second
Runner from 2nd tries for 3rd, SAFE, throw by CF made to third
Batting: LHB Mike Meyerhoff 0-0: Ball
1-0: Ball
2-0: Called Strike
2-1: Foul Ball, location: 2F
2-2: Foul Ball, location: 2F
2-2: Strikes out swinging
Batting: SHB Tony Prado 0-0: Ball
1-0: Ball
2-0: Ball
3-0: Base on Balls
Imbart Faber to second
Batting: SHB Gareth Busby 0-0: Called Strike
0-1: Ball
1-1: Foul Ball, location: 2F
1-2: Ground out 5-3 (Groundball, 56S, EV 77.5 MPH)
Top of the 3rd over - 0 runs, 1 hit, 1 error, 3 left on base; Kansas City 0 - Milwaukee 0
BOTTOM OF THE 3RD
Milwaukee Brewers batting - Pitching for Kansas City Royals : RHP Tom Jensen
Batting: RHB Ben Campbell 0-0: Ball
1-0: Called Strike
1-1: Called Strike
1-2: Foul Ball, location: 2F
1-2: Strikes out looking
Batting: RHB Daniel Donovan 0-0: Called Strike
0-1: Called Strike
0-2: Foul Ball, location: 2F
0-2: Ground out U3 (Groundball, 34, EV 102.5 MPH)
Batting: RHB Akitada Nishizawa 0-0: Ball
1-0: Ball
2-0: Ball
3-0: Called Strike
3-1: Called Strike
3-2: Ground out 6-3 (Groundball, 6, EV 101.9 MPH)
Bottom of the 3rd over - 0 runs, 0 hits, 0 errors, 0 left on base; Kansas City 0 - Milwaukee 0
TOP OF THE 4TH
Kansas City Royals batting - Pitching for Milwaukee Brewers : RHP Elliott Payne
Batting: RHB Adriaan Pieters 0-0: Ball
1-0: Foul Ball, location: 2F
1-1: Ball
2-1: Foul Ball, location: 2F
2-2: DOUBLE (Groundball, 5L, EV 102.5 MPH)
Batting: LHB Manny Estrada 0-0: Foul Ball, location: 2F
0-1: Ground out U3 (Groundball, 3, EV 83.8 MPH)
Adriaan Pieters to third
Batting: RHB Jordan Diaz 0-0: Ball
1-0: Ball
2-0: Ball
3-0: Foul Ball, location: 2F
3-1: DOUBLE (Flyball, 89XD, EV 98.1 MPH)
Adriaan Pieters scores
Batting: RHB Bob Najar 0-0: Fly out, F9 (Flyball, 9, EV 83.1 MPH)
Runner from 2nd tags up, SAFE at 3rd with throw by RF
Batting: RHB Aaron Matthews 0-0: Swinging Strike
0-1: Ball
1-1: Foul Ball, location: 2F
1-2: SINGLE (Line Drive, 78S, EV 108.1 MPH)
Jordan Diaz scores
Batting: RHB Imbart Faber 0-0: Ball
1-0: Called Strike
Aaron Matthews steals 2nd, throwing error, E2
Aaron Matthews to third
1-1: Ball
2-1: Called Strike
2-2: Foul Ball, location: 2F
2-2: Fly out, F9 (Line Drive, 9S, EV 93.8 MPH)
Top of the 4th over - 2 runs, 3 hits, 1 error, 1 left on base; Kansas City 2 - Milwaukee 0
BOTTOM OF THE 4TH
Milwaukee Brewers batting - Pitching for Kansas City Royals : RHP Tom Jensen
Batting: SHB Jason Woods 0-0: Ball
1-0: Fly out, F6 (Popup, 4S, EV 71.9 MPH)
Batting: LHB Cooper Broomhall 0-0: Called Strike
0-1: Ball
1-1: Ground out 4-3 (Groundball, 4, EV 83.8 MPH)
Now at 2B: Avery Maxwell
Batting: LHB Tetsuya Oba 0-0: Foul Ball, location: 2F
0-1: Ground out 1-3 (Groundball, 13S, EV 69.4 MPH)
Bottom of the 4th over - 0 runs, 0 hits, 0 errors, 0 left on base; Kansas City 2 - Milwaukee 0
TOP OF THE 5TH
Kansas City Royals batting - Pitching for Milwaukee Brewers : RHP Elliott Payne
Batting: LHB Mike Meyerhoff 0-0: Called Strike
0-1: SINGLE (Line Drive, 78S, EV 100.6 MPH)
Batting: SHB Tony Prado 0-0: Called Strike
0-1: Called Strike
Mike Meyerhoff steals 2nd base
0-2: SINGLE (Groundball, 6D, EV 96.9 MPH)
Mike Meyerhoff to third
Runner from 3rd tries for Home, throw by LF and OUT! 7-2
Batting: SHB Gareth Busby 0-0: Ball
1-0: Called Strike
1-1: Ball
2-1: Foul Ball, location: 2F
2-2: Foul Ball, location: 2F
2-2: Fly out, F8 (Flyball, 8LXD, EV 88.8 MPH)
Batting: RHB Adriaan Pieters 0-0: Fly out, F8 (Flyball, 89M, EV 90.0 MPH)
Top of the 5th over - 0 runs, 2 hits, 0 errors, 1 left on base; Kansas City 2 - Milwaukee 0
BOTTOM OF THE 5TH
Milwaukee Brewers batting - Pitching for Kansas City Royals : RHP Tom Jensen
Batting: SHB Jean-François Bernard 0-0: Ball
1-0: Ball
2-0: Ball
3-0: Base on Balls
Batting: RHB Cody Flowers 0-0: Ball
1-0: Foul Ball, location: 2F
1-1: Ball
2-1: 2-RUN HOME RUN (Flyball, 8LXD, EV 105.0 MPH), Distance : 407 ft
Batting: RHB Kisho Ito 0-0: Called Strike
0-1: Ball
1-1: Foul Ball, location: 2F
1-2: Fly out, F9 (Flyball, 89S, EV 76.2 MPH)
Batting: RHB Ben Campbell 0-0: Ball
1-0: Foul Ball, location: 2F
1-1: Called Strike
1-2: Foul Ball, location: 2F
1-2: Strikes out swinging
Batting: RHB Daniel Donovan 0-0: Ball
1-0: Called Strike
1-1: Foul Ball, location: 2F
1-2: Strikes out looking
Bottom of the 5th over - 2 runs, 1 hit, 0 errors, 0 left on base; Kansas City 2 - Milwaukee 2
TOP OF THE 6TH
Kansas City Royals batting - Pitching for Milwaukee Brewers : RHP Elliott Payne
Batting: LHB Manny Estrada 0-0: Ball
1-0: Foul Ball, location: 2F
1-1: Foul Ball, location: 2F
1-2: Foul Ball, location: 2F
1-2: Foul Ball, location: 2F
1-2: Foul Ball, location: 2F
1-2: Foul Ball, location: 2F
1-2: Fly out, F9 (Flyball, 89M, EV 94.4 MPH)
Pitching: RHP Willie Felix
Batting: RHB Jordan Diaz 0-0: Ball
1-0: Foul Ball, location: 2F
1-1: Foul Ball, location: 2F
1-2: Strikes out swinging
Batting: RHB Bob Najar 0-0: Foul Ball, location: 2F
0-1: SINGLE (Groundball, 6M, EV 106.2 MPH) (infield hit)
Batting: RHB Aaron Matthews 0-0: SINGLE (Groundball, 56D, EV 103.1 MPH)
Bob Najar to second
Batting: RHB Avery Maxwell 0-0: Swinging Strike
0-1: Called Strike
0-2: Strikes out swinging
Top of the 6th over - 0 runs, 2 hits, 0 errors, 2 left on base; Kansas City 2 - Milwaukee 2
BOTTOM OF THE 6TH
Milwaukee Brewers batting - Pitching for Kansas City Royals : RHP Tom Jensen
Pitching: RHP Cody Autry
Pinch Hitting: LHB Jeremy Kuiper 0-0: Called Strike
0-1: Ball
1-1: Foul Ball, location: 2F
1-2: Strikes out looking
Batting: SHB Jason Woods 0-0: Ball
1-0: Fly out, F4 (Popup, 34, EV 64.4 MPH)
Batting: LHB Cooper Broomhall 0-0: Called Strike
0-1: Called Strike
0-2: Ground out 6-3 (Groundball, 6MS, EV 70.0 MPH)
Bottom of the 6th over - 0 runs, 0 hits, 0 errors, 0 left on base; Kansas City 2 - Milwaukee 2
TOP OF THE 7TH
Kansas City Royals batting - Pitching for Milwaukee Brewers : RHP Willie Felix
Now in RF: Jeremy Kuiper
Batting: LHB Mike Meyerhoff 0-0: Ground out 4-3 (Groundball, 4S, EV 65.6 MPH)
Batting: SHB Tony Prado 0-0: Called Strike
0-1: Called Strike
0-2: Ball
1-2: Ball
2-2: Foul Ball, location: 2F
2-2: SINGLE (Groundball, 15S, EV 69.4 MPH) (infield hit)
Batting: SHB Gareth Busby 0-0: Ball
1-0: 2-RUN HOME RUN (Flyball, 7LD, EV 95.6 MPH), Distance : 355 ft
Batting: RHB Adriaan Pieters 0-0: SOLO HOME RUN (Flyball, 89XD, EV 105.6 MPH), Distance : 405 ft
Pitching: RHP Josh Kenyon
Batting: LHB Manny Estrada 0-0: Ball
1-0: Ball
2-0: Ground out 4-3 (Groundball, 4, EV 101.2 MPH)
Batting: RHB Jordan Diaz 0-0: Called Strike
0-1: Ground out 6-3 (Groundball, 6, EV 92.5 MPH)
Top of the 7th over - 3 runs, 3 hits, 0 errors, 0 left on base; Kansas City 5 - Milwaukee 2
BOTTOM OF THE 7TH
Milwaukee Brewers batting - Pitching for Kansas City Royals : RHP Cody Autry
Batting: LHB Tetsuya Oba 0-0: Ball
1-0: Ball
2-0: Called Strike
2-1: Ball
3-1: Base on Balls
Batting: SHB Jean-François Bernard 0-0: Swinging Strike
0-1: Fielders Choice at 2nd, 3-6 (Groundball, 3D, EV 87.5 MPH)
Batting: RHB Cody Flowers 0-0: Called Strike
Jean-François Bernard is caught stealing 2nd base 2-4
0-1: Foul Ball, location: 2F
0-2: Ball
1-2: Ball
2-2: Ball
3-2: Fly out, F4 (Line Drive, 4, EV 66.2 MPH)
Bottom of the 7th over - 0 runs, 0 hits, 0 errors, 0 left on base; Kansas City 5 - Milwaukee 2
TOP OF THE 8TH
Kansas City Royals batting - Pitching for Milwaukee Brewers : RHP Josh Kenyon
Batting: RHB Bob Najar 0-0: Called Strike
0-1: Foul Ball, location: 2F
0-2: Ball
1-2: Ball
2-2: Strikes out swinging
Batting: RHB Aaron Matthews 0-0: Ball
1-0: Swinging Strike
1-1: Swinging Strike
1-2: Foul Ball, location: 2F
1-2: Ball
2-2: Ball
3-2: Foul Ball, location: 2F
3-2: Strikes out swinging
Batting: RHB Avery Maxwell 0-0: Called Strike
0-1: Ball
1-1: Ball
2-1: Called Strike
2-2: Ball
3-2: Fly out, F7 (Flyball, 7LM, EV 80.0 MPH)
Top of the 8th over - 0 runs, 0 hits, 0 errors, 0 left on base; Kansas City 5 - Milwaukee 2
BOTTOM OF THE 8TH
Milwaukee Brewers batting - Pitching for Kansas City Royals : RHP Cody Autry
Now at 1B: Victor Moya
Batting: RHB Kisho Ito 0-0: Foul Ball, location: 2F
0-1: Reached on error, E4 (Groundball, 4, EV 81.2 MPH)
Batting: RHB Ben Campbell 0-0: Ball
1-0: Ball
2-0: Ball
3-0: Foul Ball, location: 2F
3-1: Fly out, F9 (Line Drive, 9, EV 87.5 MPH)
Pinch Hitting: SHB Pat Wilson 0-0: Ball
1-0: Ball
2-0: Swinging Strike
2-1: Foul Ball, location: 2F
2-2: Strikes out swinging
Batting: LHB Jeremy Kuiper 0-0: Called Strike
0-1: SINGLE (Line Drive, 78S, EV 109.4 MPH)
Kisho Ito to third
Runner from 3rd tries for Home, throw by LF and OUT! 7-2
Bottom of the 8th over - 0 runs, 1 hit, 1 error, 1 left on base; Kansas City 5 - Milwaukee 2
TOP OF THE 9TH
Kansas City Royals batting - Pitching for Milwaukee Brewers : RHP Josh Kenyon
Now in LF: Pat Wilson
Batting: LHB Mike Meyerhoff 0-0: Called Strike
0-1: Ball
1-1: Swinging Strike
1-2: Foul Ball, location: 2F
1-2: Strikes out swinging
Batting: SHB Tony Prado 0-0: Ball
1-0: Ball
2-0: Foul Ball, location: 2F
2-1: Ball
3-1: Fly out, F7 (Flyball, 7, EV 91.2 MPH)
Batting: SHB Gareth Busby 0-0: Fly out, F7 (Flyball, 78S, EV 86.9 MPH)
Top of the 9th over - 0 runs, 0 hits, 0 errors, 0 left on base; Kansas City 5 - Milwaukee 2
BOTTOM OF THE 9TH
Milwaukee Brewers batting - Pitching for Kansas City Royals : RHP Cody Autry
Pitching: RHP Asa Hahn
Batting: SHB Jason Woods 0-0: Ball
1-0: Foul Ball, location: 2F
1-1: Ground out 4-3 (Groundball, 34, EV 107.5 MPH)
Batting: LHB Cooper Broomhall 0-0: Swinging Strike
0-1: Swinging Strike
0-2: Foul Ball, location: 2F
0-2: Ground out 4-3 (Groundball, 4MS, EV 66.2 MPH)
Batting: LHB Tetsuya Oba 0-0: Foul Ball, location: 2F
0-1: Swinging Strike
0-2: Hit by Pitch
Batting: SHB Jean-François Bernard 0-0: Ball
1-0: Swinging Strike
1-1: Ball
2-1: SINGLE (Line Drive, 5D, EV 97.5 MPH)
Tetsuya Oba to second
Batting: RHB Cody Flowers 0-0: Foul Ball, location: 2F
0-1: Ball
1-1: SINGLE (Groundball, 6D, EV 98.8 MPH)
Tetsuya Oba to third
Jean-François Bernard to second
Batting: RHB Kisho Ito 0-0: Called Strike
0-1: Called Strike
0-2: Ball
1-2: Fielders Choice at 2nd, 5-4 (Groundball, 56, EV 105.6 MPH)
Bottom of the 9th over - 0 runs, 2 hits, 0 errors, 3 left on base; Kansas City 5 - Milwaukee 2
Thursday, March 31st , 2022 - OOTP Baseball 22.12 Build 89